TOP OF THE 1ST |
Orem Owlz batting - Pitching for Boston (APP) Red Sox : LHP Jon Convery
|
Pitching: LHP Jon Convery
|
|
Batting: RHB Danny Bjarnson
|
0-0: Ball 1-0: Ball 2-0: Foul Ball, location: 2F 2-1: Ball 3-1: Base on Balls
|
Batting: SHB Roger Payne
|
0-0: Called Strike 0-1: Called Strike 0-2: Strikes out swinging
|
Batting: RHB Ryan Pelletier
|
0-0: Called Strike 0-1: Ball 1-1: Fielders Choice at 2nd, 6-4 (Groundball, 6, EV 106.3 MPH)
|
Batting: RHB Mike Alm
|
0-0: Called Strike Ryan Pelletier steals 2nd, throwing error, E2 Ryan Pelletier to third 0-1: Called Strike 0-2: Strikes out swinging
|
Top of the 1st over - 0 runs, 0 hits, 1 error, 1 left on base; Orem 0 - Boston (APP) 0 |
BOTTOM OF THE 1ST |
Boston (APP) Red Sox batting - Pitching for Orem Owlz : RHP Eddie Garabito
|
Pitching: RHP Eddie Garabito
|
|
Batting: LHB Stanislav Parusov
|
0-0: Ball 1-0: Ball 2-0: Called Strike 2-1: Ground out 1-3 (Groundball, 15S, EV 70.0 MPH)
|
Batting: RHB Matt Hinkle
|
0-0: Reached on error, E6 (Groundball, 6, EV 103.8 MPH)
|
Batting: RHB Frank Sokolosky
|
0-0: SINGLE (Groundball, 4MD, EV 101.3 MPH) (infield hit) Matt Hinkle to second
|
Batting: RHB William Lung
|
0-0: Ball 1-0: Foul Ball, location: 2F 1-1: Foul Ball, location: 2F 1-2: Ball Passed Ball! Matt Hinkle to third Frank Sokolosky to second 2-2: Ground out 6-3 (Groundball, 6, EV 103.8 MPH) Matt Hinkle scores
|
Batting: LHB Frank Olivo
|
0-0: Ball 1-0: Ball 2-0: Ball 3-0: Base on Balls
|
Batting: RHB John Doucette
|
0-0: Ball 1-0: SINGLE (Line Drive, 4D, EV 95.0 MPH) Frank Sokolosky to third Frank Olivo to second Runner from 3rd tries for Home, SAFE, throw by CF to home
|
Batting: RHB Dominique Paolozzi
|
0-0: Foul Ball, location: 2F 0-1: Ground out 6-3 (Groundball, 6S, EV 84.4 MPH)
|
Bottom of the 1st over - 2 runs, 2 hits, 1 error, 2 left on base; Orem 0 - Boston (APP) 2 |
TOP OF THE 2ND |
Orem Owlz batting - Pitching for Boston (APP) Red Sox : LHP Jon Convery
|
Batting: LHB Brett Bugge
|
0-0: Ball 1-0: Ground out U3 (Groundball, 34, EV 100.6 MPH)
|
Batting: LHB Nick Isaac
|
0-0: Called Strike 0-1: Swinging Strike 0-2: Ball 1-2: Ball 2-2: Ball 3-2: Foul Ball, location: 2F 3-2: Foul Ball, location: 2F 3-2: Strikes out swinging
|
Batting: RHB Malachi Ephron
|
0-0: Ground out 5-3 (Groundball, 56S, EV 85.0 MPH)
|
Top of the 2nd over - 0 runs, 0 hits, 0 errors, 0 left on base; Orem 0 - Boston (APP) 2 |
BOTTOM OF THE 2ND |
Boston (APP) Red Sox batting - Pitching for Orem Owlz : RHP Eddie Garabito
|
Batting: RHB Rogelio Cervantes
|
0-0: Called Strike 0-1: Foul Ball, location: 2F 0-2: Ground out 4-3 (Groundball, 4, EV 83.1 MPH)
|
Batting: RHB Joe Booth
|
0-0: Foul Ball, location: 2F 0-1: Swinging Strike 0-2: Foul Ball, location: 2F 0-2: Strikes out swinging
|
Batting: LHB Stanislav Parusov
|
0-0: Called Strike 0-1: Ball 1-1: DOUBLE (Line Drive, 7LM, EV 110.0 MPH)
|
Batting: RHB Matt Hinkle
|
0-0: Ball 1-0: Called Strike 1-1: Swinging Strike 1-2: Ball 2-2: Foul Ball, location: 2F 2-2: Fly out, F8 (Flyball, 8LM, EV 96.3 MPH)
|
Bottom of the 2nd over - 0 runs, 1 hit, 0 errors, 1 left on base; Orem 0 - Boston (APP) 2 |
TOP OF THE 3RD |
Orem Owlz batting - Pitching for Boston (APP) Red Sox : LHP Jon Convery
|
Batting: SHB Winikeneke Keikemamake
|
0-0: Called Strike 0-1: Swinging Strike 0-2: Ball 1-2: Ball 2-2: Ball 3-2: Strikes out swinging
|
Batting: RHB Javier Castaneda
|
0-0: Ball 1-0: Ground out 6-3 (Groundball, 6M, EV 77.5 MPH)
|
Batting: RHB Danny Bjarnson
|
0-0: Ball 1-0: Fly out, F4 (Popup, 34S, EV 75.6 MPH)
|
Top of the 3rd over - 0 runs, 0 hits, 0 errors, 0 left on base; Orem 0 - Boston (APP) 2 |
BOTTOM OF THE 3RD |
Boston (APP) Red Sox batting - Pitching for Orem Owlz : RHP Eddie Garabito
|
Batting: RHB Frank Sokolosky
|
0-0: SINGLE (Groundball, 4MD, EV 95.0 MPH)
|
Batting: RHB William Lung
|
0-0: Called Strike 0-1: Swinging Strike 0-2: Ball 1-2: Ball 2-2: Ball 3-2: Base on Balls Frank Sokolosky to second
|
Batting: LHB Frank Olivo
|
0-0: Swinging Strike 0-1: Swinging Strike 0-2: Ball 1-2: Foul Ball, location: 2F 1-2: Ball 2-2: Foul Ball, location: 2F 2-2: Ball 3-2: Base on Balls Frank Sokolosky to third William Lung to second
|
Batting: RHB John Doucette
|
0-0: Called Strike 0-1: Ball 1-1: Ball 2-1: SINGLE (Groundball, 6MD, EV 98.8 MPH) Frank Sokolosky scores William Lung to third Frank Olivo to second
|
Batting: RHB Dominique Paolozzi
|
0-0: Ball 1-0: Called Strike 1-1: Ball 2-1: Fly out, F8 (Flyball, 8LXD, EV 91.9 MPH) Runner from 3rd tags up, SCORES, no throw by CF
|
Batting: RHB Rogelio Cervantes
|
0-0: Ball 1-0: Swinging Strike 1-1: Swinging Strike 1-2: Foul Ball, location: 2F 1-2: Ball 2-2: Ball 3-2: Base on Balls Frank Olivo to third John Doucette to second
|
Batting: RHB Joe Booth
|
0-0: Called Strike 0-1: Ball 1-1: Ball 2-1: Ball 3-1: Called Strike 3-2: Fly out, F8 (Flyball, 8LM, EV 88.1 MPH)
|
Batting: LHB Stanislav Parusov
|
0-0: Called Strike 0-1: SINGLE (Line Drive, 6MD, EV 106.9 MPH) Frank Olivo scores John Doucette to third Rogelio Cervantes to second Runner from 3rd tries for Home, throw by CF and OUT! 8-2
|
Bottom of the 3rd over - 3 runs, 3 hits, 0 errors, 2 left on base; Orem 0 - Boston (APP) 5 |
TOP OF THE 4TH |
Orem Owlz batting - Pitching for Boston (APP) Red Sox : LHP Jon Convery
|
Batting: SHB Roger Payne
|
0-0: Fly out, F7 (Flyball, 7D, EV 98.1 MPH)
|
Batting: RHB Ryan Pelletier
|
0-0: Foul Ball, location: 2F 0-1: SINGLE (Groundball, 4D, EV 95.6 MPH)
|
Batting: RHB Mike Alm
|
0-0: Ball 1-0: Foul Ball, location: 2F 1-1: Fielders Choice at 2nd, 2-6 (Groundball, 2R, EV 64.4 MPH)
|
Batting: LHB Brett Bugge
|
0-0: Ball Mike Alm is caught stealing 2nd base 2-6
|
Top of the 4th over - 0 runs, 1 hit, 0 errors, 0 left on base; Orem 0 - Boston (APP) 5 |
BOTTOM OF THE 4TH |
Boston (APP) Red Sox batting - Pitching for Orem Owlz : RHP Eddie Garabito
|
Batting: RHB Matt Hinkle
|
0-0: Ball 1-0: Ball 2-0: Called Strike 2-1: Ball 3-1: Called Strike 3-2: SINGLE (Line Drive, 5D, EV 103.1 MPH)
|
Batting: RHB Frank Sokolosky
|
0-0: Ball 1-0: Ball 2-0: Called Strike 2-1: Ball 3-1: Base on Balls Matt Hinkle to second
|
Batting: RHB William Lung
|
0-0: Ball 1-0: Hit by Pitch Matt Hinkle to third Frank Sokolosky to second
|
Batting: LHB Frank Olivo
|
0-0: Ball 1-0: Foul Ball, location: 2F 1-1: Ball 2-1: Swinging Strike 2-2: Strikes out swinging
|
Pitching: RHP Owen Prouty
|
|
Batting: RHB John Doucette
|
0-0: Called Strike 0-1: Fielders Choice at 2nd, 5-4 (Groundball, 5, EV 99.4 MPH) Matt Hinkle scores Frank Sokolosky to third
|
Batting: RHB Dominique Paolozzi
|
0-0: Called Strike 0-1: Swinging Strike 0-2: Foul Ball, location: 2F 0-2: Ball Wild Pitch! Frank Sokolosky scores John Doucette to second 1-2: Ball 2-2: Strikes out looking
|
Bottom of the 4th over - 2 runs, 1 hit, 0 errors, 1 left on base; Orem 0 - Boston (APP) 7 |
TOP OF THE 5TH |
Orem Owlz batting - Pitching for Boston (APP) Red Sox : LHP Jon Convery
|
Batting: LHB Brett Bugge
|
0-0: Ball 1-0: Swinging Strike 1-1: Swinging Strike 1-2: Strikes out swinging
|
Batting: LHB Nick Isaac
|
0-0: Called Strike 0-1: Foul Ball, location: 2F 0-2: Foul Ball, location: 2F 0-2: Ball 1-2: Strikes out swinging
|
Batting: RHB Malachi Ephron
|
0-0: Ball 1-0: Foul Ball, location: 2F 1-1: Fly out, F7 (Flyball, 7, EV 98.8 MPH)
|
Top of the 5th over - 0 runs, 0 hits, 0 errors, 0 left on base; Orem 0 - Boston (APP) 7 |
BOTTOM OF THE 5TH |
Boston (APP) Red Sox batting - Pitching for Orem Owlz : RHP Owen Prouty
|
Batting: RHB Rogelio Cervantes
|
0-0: Ball 1-0: Foul Ball, location: 2F 1-1: Called Strike 1-2: Strikes out swinging
|
Batting: RHB Joe Booth
|
0-0: Called Strike 0-1: Foul Ball, location: 2F 0-2: Strikes out looking
|
Batting: LHB Stanislav Parusov
|
0-0: Called Strike 0-1: Ball 1-1: Ball 2-1: Ball 3-1: Base on Balls
|
Pitching: RHP Tim Anderson
|
|
Batting: RHB Matt Hinkle
|
0-0: Ball 1-0: Ball 2-0: Fly out, F6 (Flyball, 6D, EV 93.8 MPH)
|
Bottom of the 5th over - 0 runs, 0 hits, 0 errors, 1 left on base; Orem 0 - Boston (APP) 7 |
TOP OF THE 6TH |
Orem Owlz batting - Pitching for Boston (APP) Red Sox : LHP Jon Convery
|
Batting: SHB Winikeneke Keikemamake
|
0-0: Ball 1-0: Swinging Strike 1-1: Ground out 5-3 (Groundball, 56, EV 97.5 MPH)
|
Batting: RHB Javier Castaneda
|
0-0: Ball 1-0: Called Strike 1-1: Foul Ball, location: 2F 1-2: Foul Ball, location: 2F 1-2: Ball 2-2: Ball 3-2: Base on Balls
|
Batting: RHB Danny Bjarnson
|
0-0: Ball 1-0: Ball 2-0: Ball 3-0: Base on Balls Javier Castaneda to second
|
Batting: SHB Roger Payne
|
0-0: Grounds into double play, 3-6-1 (Groundball, 3, EV 107.5 MPH)
|
Top of the 6th over - 0 runs, 0 hits, 0 errors, 1 left on base; Orem 0 - Boston (APP) 7 |
BOTTOM OF THE 6TH |
Boston (APP) Red Sox batting - Pitching for Orem Owlz : RHP Tim Anderson
|
Batting: RHB Frank Sokolosky
|
0-0: Ball 1-0: Ball 2-0: Ball 3-0: Called Strike 3-1: Foul Ball, location: 2F 3-2: Fly out, F8 (Flyball, 8RM, EV 78.1 MPH)
|
Batting: RHB William Lung
|
0-0: Ball 1-0: Ball 2-0: Called Strike 2-1: Called Strike 2-2: SINGLE (Groundball, 56D, EV 105.0 MPH)
|
Batting: LHB Frank Olivo
|
0-0: Foul Ball, location: 2F 0-1: Ball 1-1: Foul Ball, location: 2F 1-2: Ball 2-2: Foul Ball, location: 2F 2-2: Foul Ball, location: 2F 2-2: Ball 3-2: DOUBLE (Groundball, 3L, EV 99.4 MPH) William Lung to third
|
Pitching: RHP Simon Vogel
|
|
Batting: RHB John Doucette
|
0-0: Swinging Strike 0-1: Ball Passed Ball! William Lung scores Frank Olivo to third 1-1: Ball 2-1: Ball 3-1: Base on Balls
|
Batting: RHB Dominique Paolozzi
|
0-0: Ball 1-0: Called Strike 1-1: DOUBLE (Line Drive, 7LD, EV 108.8 MPH) Frank Olivo scores John Doucette to third Runner from 3rd tries for Home, SAFE, throw by LF to trailing runner, SAFE at third!
|
Batting: RHB Rogelio Cervantes
|
0-0: Ball 1-0: Ball 2-0: Called Strike 2-1: Ball 3-1: Base on Balls
|
Batting: RHB Joe Booth
|
0-0: Called Strike 0-1: Swinging Strike 0-2: Foul Ball, location: 2F 0-2: Strikes out looking
|
Batting: LHB Stanislav Parusov
|
0-0: Ball 1-0: Fly out, F9 (Flyball, 9, EV 87.5 MPH)
|
Bottom of the 6th over - 3 runs, 3 hits, 0 errors, 2 left on base; Orem 0 - Boston (APP) 10 |
TOP OF THE 7TH |
Orem Owlz batting - Pitching for Boston (APP) Red Sox : LHP Jon Convery
|
Pinch Hitting: RHB Tristan Lewis
|
0-0: Ball 1-0: Fly out, F6 (Line Drive, 6, EV 64.4 MPH)
|
Pinch Hitting: RHB Pat Crawley
|
0-0: Called Strike 0-1: Ball 1-1: Swinging Strike 1-2: Foul Ball, location: 2F 1-2: Ball 2-2: Ground out 6-3 (Groundball, 6S, EV 82.5 MPH)
|
Batting: LHB Brett Bugge
|
0-0: Ball 1-0: SINGLE (Groundball, 34D, EV 78.8 MPH) (infield hit)
|
Batting: LHB Nick Isaac
|
0-0: Called Strike 0-1: Ball Passed Ball! Brett Bugge to second 1-1: Foul Ball, location: 2F 1-2: Ball 2-2: Foul Ball, location: 2F 2-2: Foul Ball, location: 2F 2-2: 2-RUN HOME RUN (Flyball, 89XD, EV 100.0 MPH), Distance : 401 ft
|
Batting: RHB Malachi Ephron
|
0-0: Ball 1-0: Ball 2-0: Foul Ball, location: 2F 2-1: Foul Ball, location: 2F 2-2: Reached on error, E9 (Line Drive, 9, EV 93.8 MPH)
|
Pitching: LHP Eddie Contreras
|
|
Batting: SHB Winikeneke Keikemamake
|
0-0: Called Strike 0-1: Foul Ball, location: 2F 0-2: Ground out U3 (Groundball, 3, EV 86.3 MPH)
|
Top of the 7th over - 2 runs, 2 hits, 1 error, 1 left on base; Orem 2 - Boston (APP) 10 |
BOTTOM OF THE 7TH |
Boston (APP) Red Sox batting - Pitching for Orem Owlz : RHP Simon Vogel
|
Pitching: RHP Ed Raleigh
|
|
Now at 2B: Winikeneke Keikemamake
|
|
Now at 3B: Pat Crawley
|
|
Now at SS: Tristan Lewis
|
|
Batting: RHB Matt Hinkle
|
0-0: Reached on error, E1 (Groundball, 15S, EV 68.1 MPH)
|
Batting: RHB Frank Sokolosky
|
0-0: Called Strike 0-1: Swinging Strike 0-2: Ball 1-2: Strikes out swinging
|
Batting: RHB William Lung
|
0-0: Ball 1-0: Ball 2-0: Called Strike 2-1: Ball 3-1: DOUBLE (Line Drive, 8RXD, EV 108.8 MPH) Matt Hinkle scores
|
Batting: LHB Frank Olivo
|
0-0: Ball 1-0: Fly out, F5 (Popup, 56S, EV 78.1 MPH)
|
Batting: RHB John Doucette
|
0-0: Ball 1-0: Ball 2-0: Ball 3-0: Base on Balls
|
Batting: RHB Dominique Paolozzi
|
0-0: Ball 1-0: SINGLE (Groundball, 5D, EV 104.4 MPH) William Lung to third John Doucette to second Runner from 3rd tries for Home, SAFE, throw by LF to home
|
Pitching: RHP Troy Ingram
|
|
Batting: RHB Rogelio Cervantes
|
0-0: Foul Ball, location: 2F 0-1: 3-RUN HOME RUN (Line Drive, 7LD, EV 94.4 MPH), Distance : 346 ft
|
Batting: RHB Joe Booth
|
0-0: Ball 1-0: Foul Ball, location: 2F 1-1: Called Strike 1-2: Foul Ball, location: 2F 1-2: Ball 2-2: Ball 3-2: SINGLE (Groundball, 4MS, EV 62.5 MPH) (infield hit)
|
Batting: LHB Stanislav Parusov
|
0-0: Called Strike 0-1: Swinging Strike 0-2: Strikes out looking
|
Bottom of the 7th over - 5 runs, 4 hits, 1 error, 1 left on base; Orem 2 - Boston (APP) 15 |
TOP OF THE 8TH |
Orem Owlz batting - Pitching for Boston (APP) Red Sox : LHP Eddie Contreras
|
Batting: RHB Javier Castaneda
|
0-0: Ball 1-0: Called Strike 1-1: SINGLE (Flyball, 3D, EV 89.4 MPH)
|
Batting: RHB Danny Bjarnson
|
0-0: Called Strike 0-1: Ball 1-1: Called Strike 1-2: Strikes out swinging
|
Batting: SHB Roger Payne
|
0-0: Grounds into double play, 4-6-3 (Groundball, 4, EV 111.3 MPH)
|
Top of the 8th over - 0 runs, 1 hit, 0 errors, 0 left on base; Orem 2 - Boston (APP) 15 |
BOTTOM OF THE 8TH |
Boston (APP) Red Sox batting - Pitching for Orem Owlz : RHP Troy Ingram
|
Batting: RHB Matt Hinkle
|
0-0: Ball 1-0: Ball 2-0: Foul Ball, location: 2F 2-1: Foul Ball, location: 2F 2-2: Foul Ball, location: 2F 2-2: Foul Ball, location: 2F 2-2: Strikes out swinging
|
Pitching: RHP Luis Garcia
|
|
Batting: RHB Frank Sokolosky
|
0-0: Ground out 4-3 (Groundball, 34D, EV 80.6 MPH)
|
Batting: RHB William Lung
|
0-0: Ball 1-0: Called Strike 1-1: Ball 2-1: Ball 3-1: Base on Balls
|
Batting: LHB Frank Olivo
|
0-0: Ball 1-0: Foul Ball, location: 2F 1-1: Ball 2-1: Ball 3-1: Base on Balls William Lung to second
|
Batting: RHB John Doucette
|
0-0: Ball 1-0: Called Strike 1-1: Ball 2-1: Ground out 4-3 (Groundball, 4MD, EV 108.8 MPH)
|
Bottom of the 8th over - 0 runs, 0 hits, 0 errors, 2 left on base; Orem 2 - Boston (APP) 15 |
TOP OF THE 9TH |
Orem Owlz batting - Pitching for Boston (APP) Red Sox : LHP Eddie Contreras
|
Batting: RHB Tristan Lewis
|
0-0: Foul Ball, location: 2F 0-1: Called Strike 0-2: Ball 1-2: Ball 2-2: Ball 3-2: Strikes out swinging
|
Batting: RHB Pat Crawley
|
0-0: Ball 1-0: Ball 2-0: Foul Ball, location: 2F 2-1: Ball 3-1: Fly out, F8 (Flyball, 8LD, EV 99.4 MPH)
|
Batting: LHB Brett Bugge
|
0-0: Ground out U3 (Groundball, 3L, EV 83.8 MPH)
|
Top of the 9th over - 0 runs, 0 hits, 0 errors, 0 left on base; Orem 2 - Boston (APP) 15 |
|